Devils vs Flyers

Created - 8 février 2021 at 20:38

Goals
1 2 3 OT1 T
Devils 0 0 1 1 2
Flyers 1 0 0 0 1
Shots
1 2 3 OT1 T
Devils 9 10 10 1 30
Flyers 6 6 11 1 24

1st period

1. Flyers , Victor Hedman 13 (Jamie Benn 34, Paul Stastny 24) at 16:51 (PP)

Penalties :
Brian Boyle (NJD) for Hooking (Minor) at 16:45, Mikhail Sergachev (NJD) for Cross-checking (Minor) at 18:03

2nd period

No Goal

Penalties :
Sam Reinhart (NJD) for Holding (Minor) at 14:49

3rd period

2. Devils , Evgeni Malkin 14 (Ryan Suter 36) at 12:50

Penalties :
Mikhail Sergachev (NJD) for Roughing (Minor) at 8:14, Jonas Brodin (PHI) for Interference (Minor) at 15:26

Overtime #1

3. Devils , T.J. Oshie 17 (Damon Severson 13) at 0:57

Penalties :
No Penalty

Goalie Stats

Mike Smith (NJD), 23 saves from 24 shots - (0,958), W, 9-9-1, 60:58 minutes
Pavel Francouz (PHI), 28 saves from 30 shots - (0,933), OTL, 21-18-8, 60:58 minutes

Players Stats for Devils

Player Name              G  A  P  +/- PIM S  H  SB GA TA FO     MP     PP MP  PK MP  
------------------------------------------------------------------------------------
Brian Boyle              0  0  0   0  2   0  0  0  0  0  12/21  17:28   0:00   3:50 
Bryan Little             0  0  0   0  0   0  0  0  0  0  0/1     8:35   0:00   2:02 
Cale Makar               0  0  0   1  0   1  1  0  0  0  0/0    19:25   1:04   0:18 
Chris Kreider            0  0  0   0  0   0  2  0  0  0  0/1    16:41   1:04   0:37 
Damon Severson           0  1  1   1  0   2  2  1  0  0  0/0    21:59   0:55   2:53 
Evgeni Malkin            1  0  1   1  0   3  1  0  0  0  12/23  20:40   1:04   1:48 
Justin Schultz           0  0  0   0  0   4  0  1  0  0  0/0    22:35   0:55   3:10 
Mathieu Joseph           0  0  0   0  0   0  2  0  0  0  0/0     5:39   0:00   0:00 
Mike Hoffman             0  0  0   0  0   1  1  0  0  0  1/1    16:24   0:55   0:00 
Mikhail Sergachev        0  0  0   0  4   1  4  1  0  0  0/0    15:54   0:00   0:00 
Nicklas Backstrom        0  0  0   0  0   0  1  0  0  0  4/13   16:55   0:55   0:14 
Niklas Hjalmarsson       0  0  0   0  0   2  0  0  0  0  0/0    18:17   0:00   2:52 
Ryan Suter               0  1  1   1  0   1  1  1  0  0  0/0    22:46   1:04   2:53 
Sam Reinhart             0  0  0   1  2   3  0  0  0  0  0/0    15:49   0:00   0:00 
T.J. Oshie               1  0  1   1  0   3  0  0  0  0  0/1    16:16   1:04   0:00 
Travis Konecny           0  0  0   2  0   2  3  0  0  0  0/0    16:57   0:55   0:00 
Tyler Bozak              0  0  0   0  0   1  0  0  0  0  4/5     5:34   0:00   0:11 
Zack Smith               0  0  0   0  0   6  3  0  0  0  0/2    18:53   0:00   3:24 

Players Stats for Flyers

Player Name              G  A  P  +/- PIM S  H  SB GA TA FO     MP     PP MP  PK MP  
------------------------------------------------------------------------------------
Brendan Gallagher        0  0  0  -1  0   1  1  0  0  0  0/0    21:25   2:58   0:00 
Jake Debrusk             0  0  0  -1  0   0  0  0  0  0  0/2    12:32   0:53   0:51 
Jakub Voracek            0  0  0   0  0   3  1  0  0  0  1/4    20:35   2:58   0:00 
Jamie Benn               0  1  1  -1  0   2  2  0  0  0  5/10   13:37   2:49   0:00 
Joel Farabee             0  0  0   0  0   1  1  0  0  0  0/0     8:59   0:16   0:00 
Johan Larsson            0  0  0   0  0   1  0  0  0  0  4/10   10:07   0:16   1:08 
Jonas Brodin             0  0  0  -1  2   0  0  0  0  0  0/0    15:33   0:53   0:00 
Mika Zibanejad           0  0  0  -1  0   3  0  0  0  0  9/18   21:41   3:14   0:00 
Nino Niederreiter        0  0  0   0  0   0  0  0  0  0  0/0    10:07   0:16   1:08 
Noah Hanifin             0  0  0   0  0   3  1  3  0  0  0/0    22:15   2:27   0:16 
Paul Stastny             0  1  1   0  0   0  0  1  0  0  12/19  16:54   1:56   0:00 
Rasmus Andersson         0  0  0   0  0   1  4  2  0  0  0/0    22:11   2:13   0:26 
Robert Thomas            0  0  0  -1  0   0  0  0  0  0  4/5    12:32   0:53   0:51 
Ryan Graves              0  0  0  -1  0   1  2  0  0  0  0/0    16:47   1:07   1:07 
Tomas Tatar              0  0  0   0  0   0  0  0  0  0  0/0    14:50   0:00   0:00 
Victor Hedman            1  0  1  -1  0   2  5  1  0  0  0/0    22:35   2:43   1:09 
Vince Dunn               0  0  0   0  0   1  0  0  0  0  0/0    21:20   2:27   1:00 
William Nylander         0  0  0   0  0   5  0  0  0  0  0/0    16:54   1:56   0:00 

3 Stars

1 - Evgeni Malkin (NJD)
2 - Mike Smith (NJD)
3 - T.J. Oshie (NJD)

Power Play

Devils - 0 on 1 Attempt(s) - 0,00%
Flyers - 1 on 4 Attempt(s) - 25,00%

Penalty Kill

Devils - 3 on 4 Attempt(s) - 75,00% - Score 0 goal in Penalty Kill
Flyers - 1 on 1 Attempt(s) - 100,00% - Score 0 goal in Penalty Kill

Team Stat

Devils - Hits : 21 - Faceoff Wins : 33 - Blocked Shots : 4 - Penalty Minutes : 8
Flyers - Hits : 17 - Faceoff Wins : 35 - Blocked Shots : 7 - Penalty Minutes : 2

Official

Referees : Dan O'Halloran and Ian Walsh
Linesman : Libor Suchanek and Steve Barton

Game Notes

Tyler Bozak is injured at 18:52 of 1st period (Upper Body)

Finance

Level 1 -- Attendance: 6024 (92,68%) -- Ticket Income 662 640 $
Level 2 -- Attendance: 4634 (92,68%) -- Ticket Income 347 550 $
Level 3 -- Attendance: 3050 (87,14%) -- Ticket Income 170 800 $
Level 4 -- Attendance: 1565 (100,00%) -- Ticket Income 62 600 $
Luxury Box -- Attendance: 1000 (100,00%) -- Ticket Income 199 000 $
Game was played at the Wells Fargo Center.
Total Attendance: 16273 (92,64%)
Total Ticket Income: 1 442 590 $
Other Income: 706 869 $
Total Income: 2 149 459 $

% Time on Ice - Devils

Lines # - Real PCT - Wanted PCT - Time Play
Normal Forward
1 - 29% - 32% - 15:00
2 - 30% - 32% - 15:29
3 - 30% - 31% - 15:50
4 - 11% - 5% - 5:39
Normal Defense
1 - 35% - 36% - 18:03
2 - 35% - 36% - 17:59
3 - 30% - 28% - 15:25
4 - 1% - 0% - 0:31
PP Forward
1 - 54% - 60% - 1:04
2 - 46% - 40% - 0:55
PP Defense
1 - 54% - 60% - 1:04
2 - 46% - 40% - 0:55
PK Forward
1 - 66% - 60% - 4:01
2 - 34% - 40% - 2:02
PK Defense
1 - 52% - 60% - 3:10
2 - 48% - 40% - 2:53
PK3 Forward
1 - 0% - 60%
2 - 0% - 40%
PK3 Defense
1 - 0% - 60%
2 - 0% - 40%
44 Forward
1 - 0% - 60%
2 - 0% - 40%
44 Defense
1 - 0% - 60%
2 - 0% - 40%
Last Minute Offensive  - 0:00
Last Minute Defensive  - 0:00
Total
Forward - 60:00
Defense - 60:00

% Time on Ice - Flyers

Lines # - Real PCT - Wanted PCT - Time Play
Normal Forward
1 - 34% - 38% - 17:37
2 - 29% - 32% - 14:50
3 - 21% - 25% - 10:48
4 - 17% - 5% - 8:43
Normal Defense
1 - 34% - 37% - 17:53
2 - 38% - 37% - 19:32
3 - 16% - 15% - 8:12
4 - 12% - 11% - 6:21
PP Forward
1 - 53% - 50% - 3:14
2 - 47% - 50% - 2:49
PP Defense
1 - 60% - 50% - 3:36
2 - 40% - 50% - 2:27
PK Forward
1 - 43% - 50% - 0:51
2 - 57% - 50% - 1:08
PK Defense
1 - 92% - 50% - 1:49
2 - 8% - 50% - 0:10
PK3 Forward
1 - 0% - 50%
2 - 0% - 50%
PK3 Defense
1 - 0% - 50%
2 - 0% - 50%
44 Forward
1 - 0% - 50%
2 - 0% - 50%
44 Defense
1 - 0% - 50%
2 - 0% - 50%
Last Minute Offensive  - 0:00
Last Minute Defensive  - 0:00
Total
Forward - 60:00
Defense - 60:00

Play-by-Play

1st period


0:01 of 1st period - Mika Zibanejad wins face-off versus Nicklas Backstrom in neutral zone.
0:21 of 1st period - Shot by Brendan Gallagher.
0:21 of 1st period - Shot Misses the Net.
0:30 of 1st period - Nicklas Backstrom is hit by Victor Hedman.
0:32 of 1st period - Shot by T.J. Oshie.
0:32 of 1st period - Shot Misses the Net.
0:34 of 1st period - Shot by Cale Makar.
0:34 of 1st period - Stopped by Pavel Francouz without a rebound.
0:35 of 1st period - Paul Stastny wins face-off versus Tyler Bozak in Flyers zone.
0:35 of 1st period - Paul Stastny is hit by Zack Smith.
0:44 of 1st period - Icing by Damon Severson.
0:45 of 1st period - Tyler Bozak wins face-off versus Jake Debrusk in Devils zone.
2:03 of 1st period - Shot by Sam Reinhart.
2:03 of 1st period - Stopped by Pavel Francouz without a rebound.
2:04 of 1st period - Paul Stastny wins face-off versus Bryan Little in Flyers zone.
2:04 of 1st period - Paul Stastny is hit by Mathieu Joseph.
2:11 of 1st period - Icing by Noah Hanifin.
2:12 of 1st period - Paul Stastny wins face-off versus Chris Kreider in Flyers zone.
2:19 of 1st period - Nicklas Backstrom is hit by Rasmus Andersson and loses puck.
2:28 of 1st period - Shot by Chris Kreider.
2:28 of 1st period - Shot Blocked by Rasmus Andersson.
3:32 of 1st period - Shot by Brendan Gallagher.
3:32 of 1st period - Stopped by Mike Smith without a rebound.
3:33 of 1st period - Tyler Bozak wins face-off versus Johan Larsson in Devils zone.
3:43 of 1st period - Icing by Jonas Brodin.
3:44 of 1st period - Brian Boyle wins face-off versus Johan Larsson in Flyers zone.
4:39 of 1st period - Icing by Niklas Hjalmarsson.
4:40 of 1st period - Tyler Bozak wins face-off versus Mika Zibanejad in Devils zone.
4:54 of 1st period - Zack Smith is hit by Victor Hedman and loses puck.
5:13 of 1st period - Shot by Mika Zibanejad.
5:13 of 1st period - Shot Misses the Net.
5:15 of 1st period - Shot by Mika Zibanejad.
5:15 of 1st period - Stopped by Mike Smith without a rebound.
5:16 of 1st period - Evgeni Malkin wins face-off versus Paul Stastny in Devils zone.
5:48 of 1st period - Icing by Noah Hanifin.
5:49 of 1st period - Paul Stastny wins face-off versus Nicklas Backstrom in Flyers zone.
6:22 of 1st period - Shot by Brendan Gallagher.
6:22 of 1st period - Shot Misses the Net.
6:56 of 1st period - Brendan Gallagher is hit by Travis Konecny and loses puck.
7:01 of 1st period - Shot by Cale Makar.
7:01 of 1st period - Shot Misses the Net.
7:07 of 1st period - Shot by Evgeni Malkin.
7:07 of 1st period - Stopped by Pavel Francouz without a rebound.
7:08 of 1st period - Mike Hoffman wins face-off versus Jake Debrusk in Flyers zone.
7:08 of 1st period - Mikhail Sergachev is hit by Ryan Graves and loses puck.
7:29 of 1st period - Shot by Tyler Bozak.
7:29 of 1st period - Shot Misses the Net.
7:31 of 1st period - Shot by Zack Smith.
7:31 of 1st period - Stopped by Pavel Francouz with a rebound.
7:33 of 1st period - Shot by Zack Smith.
7:33 of 1st period - Stopped by Pavel Francouz without a rebound.
7:34 of 1st period - Evgeni Malkin wins face-off versus Paul Stastny in Flyers zone.
8:13 of 1st period - Shot by William Nylander.
8:13 of 1st period - Stopped by Mike Smith without a rebound.
8:14 of 1st period - Jamie Benn wins face-off versus Zack Smith in Devils zone.
8:39 of 1st period - Shot by Tyler Bozak.
8:39 of 1st period - Stopped by Pavel Francouz with a rebound.
8:41 of 1st period - Shot by Zack Smith.
8:41 of 1st period - Shot Misses the Net.
8:43 of 1st period - Shot by Damon Severson.
8:43 of 1st period - Shot Misses the Net.
9:44 of 1st period - Icing by Victor Hedman.
9:45 of 1st period - Mika Zibanejad wins face-off versus Evgeni Malkin in Flyers zone.
9:45 of 1st period - Mika Zibanejad is hit by Travis Konecny.
10:16 of 1st period - Shot by Evgeni Malkin.
10:16 of 1st period - Deflect By Sam Reinhart.
10:16 of 1st period - Stopped by Pavel Francouz without a rebound.
10:17 of 1st period - Johan Larsson wins face-off versus Nicklas Backstrom in Flyers zone.
10:17 of 1st period - Johan Larsson is hit by Chris Kreider.
10:20 of 1st period - Joel Farabee is hit by Chris Kreider and loses puck.
10:24 of 1st period - Rasmus Andersson is hit by Mikhail Sergachev and loses puck.
10:51 of 1st period - Joel Farabee is hit by Mikhail Sergachev.
11:27 of 1st period - Shot by Paul Stastny.
11:27 of 1st period - Shot Misses the Net.
13:12 of 1st period - Shot by Mike Hoffman.
13:12 of 1st period - Shot Blocked by Rasmus Andersson.
13:21 of 1st period - Rasmus Andersson is hit by Mikhail Sergachev and loses puck.
13:59 of 1st period - Off-side.
14:00 of 1st period - Brian Boyle wins face-off versus Paul Stastny in neutral zone.
15:12 of 1st period - Shot by Ryan Suter.
15:12 of 1st period - Stopped by Pavel Francouz with a rebound.
15:14 of 1st period - Shot by Ryan Suter.
15:14 of 1st period - Shot Blocked by Noah Hanifin.
15:23 of 1st period - Chris Kreider is hit by Rasmus Andersson and loses puck.
15:35 of 1st period - Mike Hoffman is hit by Rasmus Andersson and loses puck.
15:44 of 1st period - Shot by Tyler Bozak.
15:44 of 1st period - Shot Misses the Net.
15:54 of 1st period - Shot by Mike Hoffman.
15:54 of 1st period - Shot Blocked by Noah Hanifin.
15:56 of 1st period - Shot by Zack Smith.
15:56 of 1st period - Stopped by Pavel Francouz without a rebound.
15:57 of 1st period - Jakub Voracek wins face-off versus Evgeni Malkin in Flyers zone.
16:41 of 1st period - Jonas Brodin is hit by Mathieu Joseph and loses puck.
16:45 of 1st period - Minor Penalty to Brian Boyle for Hooking.
16:46 of 1st period - Paul Stastny wins face-off versus Evgeni Malkin in Devils zone.
16:51 of 1st period - Shot by Victor Hedman.
16:51 of 1st period - Goal by Victor Hedman - Devils : 0 - Flyers : 1.
16:52 of 1st period - Tyler Bozak wins face-off versus Jamie Benn in neutral zone.
17:24 of 1st period - Mike Hoffman is hit by Victor Hedman and loses puck.
17:28 of 1st period - Mike Hoffman is hit by Victor Hedman and loses puck.
18:03 of 1st period - Minor Penalty to Mikhail Sergachev for Cross-checking.
18:04 of 1st period - Mika Zibanejad wins face-off versus Brian Boyle in Devils zone.
18:07 of 1st period - Shot by Rasmus Andersson.
18:07 of 1st period - Stopped by Mike Smith without a rebound.
18:08 of 1st period - Mika Zibanejad wins face-off versus Brian Boyle in Devils zone.
18:51 of 1st period - Tyler Bozak is hit by Jakub Voracek and loses puck.
18:52 of 1st period - Tyler Bozak from Devils is injured at 18:52 of 1st period (Upper Body).
18:53 of 1st period - Paul Stastny wins face-off versus Brian Boyle in Devils zone.
18:54 of 1st period - Shot by Vince Dunn.
18:54 of 1st period - Stopped by Mike Smith with a rebound.
19:14 of 1st period - Icing by Vince Dunn.
19:15 of 1st period - Brian Boyle wins face-off versus Paul Stastny in Flyers zone.
Goals for this period are 0 for Devils vs 1 for Flyers.
Shots for this period are 9 for Devils vs 6 for Flyers.

2nd period


0:01 of 2nd period - Paul Stastny wins face-off versus Brian Boyle in neutral zone.
0:22 of 2nd period - Rasmus Andersson is hit by Travis Konecny and loses puck.
0:26 of 2nd period - Noah Hanifin is hit by Evgeni Malkin and loses puck.
1:15 of 2nd period - Shot by Justin Schultz.
1:15 of 2nd period - Stopped by Pavel Francouz without a rebound.
1:16 of 2nd period - Jamie Benn wins face-off versus Brian Boyle in Flyers zone.
1:16 of 2nd period - Jamie Benn is hit by Mike Hoffman.
1:41 of 2nd period - Shot by Jamie Benn.
1:41 of 2nd period - Stopped by Mike Smith without a rebound.
1:42 of 2nd period - Nicklas Backstrom wins face-off versus Paul Stastny in Devils zone.
1:51 of 2nd period - Shot by Justin Schultz.
1:51 of 2nd period - Shot Blocked by Victor Hedman.
1:53 of 2nd period - Shot by Damon Severson.
1:53 of 2nd period - Stopped by Pavel Francouz without a rebound.
1:54 of 2nd period - Mika Zibanejad wins face-off versus Nicklas Backstrom in Flyers zone.
2:07 of 2nd period - Shot by Damon Severson.
2:07 of 2nd period - Stopped by Pavel Francouz without a rebound.
2:08 of 2nd period - Brian Boyle wins face-off versus Paul Stastny in Flyers zone.
2:28 of 2nd period - William Nylander is hit by Cale Makar and loses puck.
3:07 of 2nd period - Noah Hanifin is hit by Zack Smith and loses puck.
3:18 of 2nd period - Shot by Noah Hanifin.
3:18 of 2nd period - Stopped by Mike Smith without a rebound.
3:19 of 2nd period - Robert Thomas wins face-off versus Evgeni Malkin in Devils zone.
4:01 of 2nd period - Damon Severson is hit by Jamie Benn and loses puck.
5:06 of 2nd period - Shot by Victor Hedman.
5:06 of 2nd period - Shot Blocked by Mikhail Sergachev.
5:08 of 2nd period - Shot by Paul Stastny.
5:08 of 2nd period - Shot Misses the Net.
5:15 of 2nd period - Icing by Niklas Hjalmarsson.
5:16 of 2nd period - Johan Larsson wins face-off versus Nicklas Backstrom in Devils zone.
5:18 of 2nd period - Nino Niederreiter is hit by Mikhail Sergachev and loses puck.
6:37 of 2nd period - Shot by Evgeni Malkin.
6:37 of 2nd period - Deflect By Travis Konecny.
6:37 of 2nd period - Shot Misses the Net.
6:45 of 2nd period - Shot by Sam Reinhart.
6:45 of 2nd period - Stopped by Pavel Francouz with a rebound.
6:49 of 2nd period - Shot by Justin Schultz.
6:49 of 2nd period - Shot Misses the Net.
6:53 of 2nd period - Shot by Travis Konecny.
6:53 of 2nd period - Shot Misses the Net.
6:57 of 2nd period - Shot by Travis Konecny.
6:57 of 2nd period - Stopped by Pavel Francouz without a rebound.
6:58 of 2nd period - Brian Boyle wins face-off versus Mika Zibanejad in Flyers zone.
6:58 of 2nd period - Damon Severson is hit by Rasmus Andersson and loses puck.
7:18 of 2nd period - Mika Zibanejad is hit by Damon Severson and loses puck.
9:46 of 2nd period - Jonas Brodin is hit by Damon Severson.
10:59 of 2nd period - Mike Hoffman is hit by Noah Hanifin and loses puck.
11:08 of 2nd period - Shot by Zack Smith.
11:08 of 2nd period - Shot Misses the Net.
11:10 of 2nd period - Shot by Niklas Hjalmarsson.
11:10 of 2nd period - Shot Blocked by Paul Stastny.
12:00 of 2nd period - Shot by Jakub Voracek.
12:00 of 2nd period - Shot Blocked by Ryan Suter.
12:45 of 2nd period - Shot by Mikhail Sergachev.
12:45 of 2nd period - Stopped by Pavel Francouz with a rebound.
12:47 of 2nd period - Shot by Niklas Hjalmarsson.
12:47 of 2nd period - Stopped by Pavel Francouz without a rebound.
12:48 of 2nd period - Jamie Benn wins face-off versus Evgeni Malkin in Flyers zone.
12:59 of 2nd period - Vince Dunn is hit by Zack Smith and loses puck.
14:03 of 2nd period - Mikhail Sergachev is hit by Joel Farabee and loses puck.
14:41 of 2nd period - Shot by William Nylander.
14:41 of 2nd period - Stopped by Mike Smith without a rebound.
14:42 of 2nd period - Evgeni Malkin wins face-off versus Jamie Benn in Devils zone.
14:49 of 2nd period - Minor Penalty to Sam Reinhart for Holding.
14:50 of 2nd period - Brian Boyle wins face-off versus Mika Zibanejad in Devils zone.
15:16 of 2nd period - Shot by Mika Zibanejad.
15:16 of 2nd period - Shot Misses the Net.
16:17 of 2nd period - Shot by Jakub Voracek.
16:17 of 2nd period - Deflect By Mika Zibanejad.
16:17 of 2nd period - Shot Misses the Net.
16:19 of 2nd period - Shot by Noah Hanifin.
16:19 of 2nd period - Stopped by Mike Smith without a rebound.
16:20 of 2nd period - Evgeni Malkin wins face-off versus Paul Stastny in Devils zone.
16:37 of 2nd period - Shot by Paul Stastny.
16:37 of 2nd period - Shot Misses the Net.
16:39 of 2nd period - Shot by Noah Hanifin.
16:39 of 2nd period - Shot Misses the Net.
16:41 of 2nd period - Shot by Rasmus Andersson.
16:41 of 2nd period - Shot Misses the Net.
16:43 of 2nd period - Shot by William Nylander.
16:43 of 2nd period - Stopped by Mike Smith without a rebound.
16:44 of 2nd period - Brian Boyle wins face-off versus Mika Zibanejad in Devils zone.
16:53 of 2nd period - Shot by Nicklas Backstrom.
16:53 of 2nd period - Shot Misses the Net.
17:07 of 2nd period - Shot by Nicklas Backstrom.
17:07 of 2nd period - Deflect By T.J. Oshie.
17:07 of 2nd period - Stopped by Pavel Francouz without a rebound.
17:08 of 2nd period - Evgeni Malkin wins face-off versus Jakub Voracek in Flyers zone.
17:14 of 2nd period - Travis Konecny is hit by Ryan Graves and loses puck.
17:25 of 2nd period - Shot by Mika Zibanejad.
17:25 of 2nd period - Stopped by Mike Smith without a rebound.
17:26 of 2nd period - Paul Stastny wins face-off versus Nicklas Backstrom in Devils zone.
17:35 of 2nd period - Shot by Tomas Tatar.
17:35 of 2nd period - Shot Blocked by Justin Schultz.
17:38 of 2nd period - Icing by Damon Severson.
17:39 of 2nd period - Nicklas Backstrom wins face-off versus Jakub Voracek in Devils zone.
18:14 of 2nd period - Icing by Jakub Voracek.
18:15 of 2nd period - Brian Boyle wins face-off versus Mika Zibanejad in Flyers zone.
18:18 of 2nd period - Shot by Mike Hoffman.
18:18 of 2nd period - Stopped by Pavel Francouz without a rebound.
18:19 of 2nd period - Paul Stastny wins face-off versus Brian Boyle in Flyers zone.
19:38 of 2nd period - Shot by Evgeni Malkin.
19:38 of 2nd period - Shot Misses the Net.
19:40 of 2nd period - Shot by Niklas Hjalmarsson.
19:40 of 2nd period - Stopped by Pavel Francouz without a rebound.
19:41 of 2nd period - Mika Zibanejad wins face-off versus Nicklas Backstrom in Flyers zone.
Goals for this period are 0 for Devils vs 0 for Flyers.
Shots for this period are 10 for Devils vs 6 for Flyers.

3rd period


0:01 of 3rd period - Brian Boyle wins face-off versus Jakub Voracek in neutral zone.
0:06 of 3rd period - Shot by Zack Smith.
0:06 of 3rd period - Shot Blocked by Noah Hanifin.
0:08 of 3rd period - Shot by Zack Smith.
0:08 of 3rd period - Stopped by Pavel Francouz with a rebound.
0:30 of 3rd period - Shot by Zack Smith.
0:30 of 3rd period - Stopped by Pavel Francouz with a rebound.
0:45 of 3rd period - Icing by Noah Hanifin.
0:46 of 3rd period - Evgeni Malkin wins face-off versus Mika Zibanejad in Flyers zone.
2:19 of 3rd period - Shot by Ryan Graves.
2:19 of 3rd period - Shot Misses the Net.
2:21 of 3rd period - Shot by Ryan Graves.
2:21 of 3rd period - Stopped by Mike Smith without a rebound.
2:22 of 3rd period - Brian Boyle wins face-off versus Johan Larsson in Devils zone.
2:47 of 3rd period - Shot by Joel Farabee.
2:47 of 3rd period - Stopped by Mike Smith with a rebound.
2:49 of 3rd period - Shot by Nino Niederreiter.
2:49 of 3rd period - Shot Misses the Net.
3:28 of 3rd period - Shot by Travis Konecny.
3:28 of 3rd period - Stopped by Pavel Francouz with a rebound.
3:30 of 3rd period - Shot by Evgeni Malkin.
3:30 of 3rd period - Stopped by Pavel Francouz without a rebound.
3:31 of 3rd period - Paul Stastny wins face-off versus Nicklas Backstrom in Flyers zone.
3:57 of 3rd period - Off-side.
3:58 of 3rd period - Evgeni Malkin wins face-off versus Jamie Benn in neutral zone.
4:06 of 3rd period - Icing by Noah Hanifin.
4:07 of 3rd period - Evgeni Malkin wins face-off versus Jamie Benn in Flyers zone.
4:14 of 3rd period - Shot by Justin Schultz.
4:14 of 3rd period - Stopped by Pavel Francouz without a rebound.
4:15 of 3rd period - Mika Zibanejad wins face-off versus Zack Smith in Flyers zone.
4:41 of 3rd period - Shot by Zack Smith.
4:41 of 3rd period - Stopped by Pavel Francouz with a rebound.
4:43 of 3rd period - Shot by Brian Boyle.
4:43 of 3rd period - Shot Misses the Net.
6:38 of 3rd period - Shot by Brian Boyle.
6:38 of 3rd period - Shot Misses the Net.
8:14 of 3rd period - Minor Penalty to Mikhail Sergachev for Roughing.
8:15 of 3rd period - Mika Zibanejad wins face-off versus Brian Boyle in Devils zone.
8:16 of 3rd period - Shot by Jakub Voracek.
8:16 of 3rd period - Stopped by Mike Smith with a rebound.
9:04 of 3rd period - Off-side.
9:05 of 3rd period - Brian Boyle wins face-off versus Robert Thomas in neutral zone.
10:13 of 3rd period - Shot by Victor Hedman.
10:13 of 3rd period - Stopped by Mike Smith without a rebound.
10:14 of 3rd period - Nicklas Backstrom wins face-off versus Johan Larsson in Devils zone.
10:21 of 3rd period - Shot by Johan Larsson.
10:21 of 3rd period - Shot Misses the Net.
10:23 of 3rd period - Shot by Johan Larsson.
10:23 of 3rd period - Stopped by Mike Smith with a rebound.
10:25 of 3rd period - Shot by Noah Hanifin.
10:25 of 3rd period - Stopped by Mike Smith without a rebound.
10:26 of 3rd period - Evgeni Malkin wins face-off versus Johan Larsson in Devils zone.
10:28 of 3rd period - Icing by Cale Makar.
10:29 of 3rd period - Johan Larsson wins face-off versus Evgeni Malkin in Devils zone.
10:29 of 3rd period - Johan Larsson is hit by Ryan Suter.
10:49 of 3rd period - Shot by Evgeni Malkin.
10:49 of 3rd period - Shot Misses the Net.
10:59 of 3rd period - Shot by Travis Konecny.
10:59 of 3rd period - Shot Misses the Net.
12:35 of 3rd period - Shot by Jakub Voracek.
12:35 of 3rd period - Stopped by Mike Smith without a rebound.
12:36 of 3rd period - Jamie Benn wins face-off versus Evgeni Malkin in Devils zone.
12:39 of 3rd period - Shot by Jamie Benn.
12:39 of 3rd period - Stopped by Mike Smith without a rebound.
12:40 of 3rd period - Evgeni Malkin wins face-off versus Jamie Benn in Devils zone.
12:40 of 3rd period - Evgeni Malkin is hit by Jamie Benn.
12:50 of 3rd period - Shot by Evgeni Malkin.
12:50 of 3rd period - Goal by Evgeni Malkin - Devils : 1 - Flyers : 1.
12:51 of 3rd period - Brian Boyle wins face-off versus Mika Zibanejad in neutral zone.
13:01 of 3rd period - Shot by Mika Zibanejad.
13:01 of 3rd period - Stopped by Mike Smith without a rebound.
13:02 of 3rd period - Jamie Benn wins face-off versus Evgeni Malkin in Devils zone.
13:18 of 3rd period - Icing by Ryan Suter.
13:19 of 3rd period - Evgeni Malkin wins face-off versus Mika Zibanejad in Devils zone.
13:19 of 3rd period - Evgeni Malkin is hit by Brendan Gallagher.
14:59 of 3rd period - Shot by Jamie Benn.
14:59 of 3rd period - Shot Blocked by Damon Severson.
15:19 of 3rd period - Shot by Jamie Benn.
15:19 of 3rd period - Shot Misses the Net.
15:26 of 3rd period - Minor Penalty to Jonas Brodin for Interference.
15:27 of 3rd period - Johan Larsson wins face-off versus Evgeni Malkin in Flyers zone.
16:16 of 3rd period - Shot by Justin Schultz.
16:16 of 3rd period - Stopped by Pavel Francouz without a rebound.
16:17 of 3rd period - Nicklas Backstrom wins face-off versus Johan Larsson in Flyers zone.
16:42 of 3rd period - Shot by Nicklas Backstrom.
16:42 of 3rd period - Shot Misses the Net.
16:44 of 3rd period - Shot by Justin Schultz.
16:44 of 3rd period - Stopped by Pavel Francouz without a rebound.
16:45 of 3rd period - Robert Thomas wins face-off versus Evgeni Malkin in Flyers zone.
17:14 of 3rd period - Shot by T.J. Oshie.
17:14 of 3rd period - Stopped by Pavel Francouz without a rebound.
17:15 of 3rd period - Robert Thomas wins face-off versus Nicklas Backstrom in Flyers zone.
17:15 of 3rd period - Robert Thomas is hit by Nicklas Backstrom.
17:47 of 3rd period - Shot by William Nylander.
17:47 of 3rd period - Stopped by Mike Smith with a rebound.
18:22 of 3rd period - Icing by Mikhail Sergachev.
18:23 of 3rd period - Robert Thomas wins face-off versus Brian Boyle in Devils zone.
19:14 of 3rd period - Shot by Brendan Gallagher.
19:14 of 3rd period - Shot Misses the Net.
19:16 of 3rd period - Shot by Brendan Gallagher.
19:16 of 3rd period - Shot Misses the Net.
19:18 of 3rd period - Shot by Brendan Gallagher.
19:18 of 3rd period - Shot Misses the Net.
19:42 of 3rd period - Shot by Jakub Voracek.
19:42 of 3rd period - Stopped by Mike Smith without a rebound.
19:43 of 3rd period - Paul Stastny wins face-off versus Brian Boyle in Devils zone.
19:55 of 3rd period - Mike Hoffman is hit by Victor Hedman and loses puck.
Goals for this period are 1 for Devils vs 0 for Flyers.
Shots for this period are 10 for Devils vs 11 for Flyers.

Overtime #1


0:01 of 1st overtime period - Evgeni Malkin wins face-off versus Mika Zibanejad in neutral zone.
0:37 of 1st overtime period - Icing by Ryan Suter.
0:38 of 1st overtime period - Paul Stastny wins face-off versus Evgeni Malkin in Devils zone.
0:45 of 1st overtime period - Shot by William Nylander.
0:45 of 1st overtime period - Stopped by Mike Smith without a rebound.
0:46 of 1st overtime period - Mika Zibanejad wins face-off versus T.J. Oshie in Devils zone.
0:55 of 1st overtime period - Shot by Damon Severson.
0:55 of 1st overtime period - Shot Misses the Net.
0:57 of 1st overtime period - Shot by T.J. Oshie.
0:57 of 1st overtime period - Goal by T.J. Oshie - Devils : 2 - Flyers : 1.
Goals for this period are 1 for Devils vs 0 for Flyers.
Shots for this period are 1 for Devils vs 1 for Flyers.